General information
- name: BNet
- type: Ladder team game (AT/RT)
- host: Battle.net
- saver: ZzzSSSSszZZZssz
map: TwilightRuins_LV
- players: 8
- length: 40:29
- speed: Fast
- version: 1.29 W3XP
- replay type: Public
» download(375 KB)
Players
team 1 (loser)
LaPlaya (
green | 110 APM | 3875 actions | 35:19)
5 Archmage
3 Summon Water Elemental
2 Brilliance Aura
5 Paladin
2 Holy Light
3 Devotion Aura
» actions
| Assign group hotkey | 33 | |
| Basic commands | 24 | |
| Build / train | 125 | |
| ESC pressed | 4 | |
| Enter build submenu | 33 | |
| Enter hero's abilities submenu | 10 | |
| Give item / drop item | 7 | |
| Right click | 1580 | |
| Select / deselect | 361 | |
| Select group hotkey | 1547 | |
| Use ability | 150 | |
3875 total
» units
| Peasant | 14 | |
| Footman | 10 | |
| Goblin Shredder | 1 | |
| Siege Engine | 3 | |
| Mortar Team | 7 | |
| Flying Machine | 12 | |
47 total
» upgrades
| Plating | 3 | |
| Gunpowder | 3 | |
| Masonry | 3 | |
| Defend | 1 | |
| Armor | 2 | |
| Barrage | 1 | |
| Fragmentation Shards | 1 | |
| Flak Cannons | 1 | |
| Flying Machine Bombs | 1 | |
16 total
» buildings
| Altar of Kings | 2 | |
| Barracks | 1 | |
| Farm | 11 | |
| Scout Tower | 6 | |
| Arcane Vault | 1 | |
| Arcane Tower | 4 | |
| Lumber Mill | 1 | |
| Keep | 1 | |
| Blacksmith | 2 | |
| Town Hall | 2 | |
| Castle | 2 | |
| Workshop | 5 | |
| Guard Tower | 4 | |
42 total
» build order
00:08 Altar of Kings
00:10 Altar of Kings
00:17 Barracks
00:29 Farm
00:53 Farm
02:00 Scout Tower
02:15 Arcane Vault
02:30 Arcane Tower
02:30 Arcane Tower
03:35 Farm
03:46 Lumber Mill
04:15 Farm
04:21 Farm
04:56 Keep
05:41 Blacksmith
05:45 Blacksmith
05:46 Farm
05:51 Farm
05:52 Farm
07:02 Town Hall
09:33 Castle
09:34 Castle
09:41 Workshop
09:46 Workshop
09:48 Workshop
09:49 Workshop
09:55 Workshop
10:42 Farm
10:43 Farm
11:37 Arcane Tower
11:41 Arcane Tower
12:04 Scout Tower
12:05 Scout Tower
12:06 Scout Tower
12:07 Scout Tower
12:09 Scout Tower
12:52 Guard Tower
12:52 Guard Tower
15:54 Guard Tower
15:54 Guard Tower
21:48 Town Hall
21:52 Farm
» items
| Boots of Speed | 2 | |
| Lesser Clarity Potion | 1 | |
| Ivory Tower | 2 | |
| Potion of Healing | 5 | |
| Potion of Lesser Invulnerability | 2 | |
| Scroll of Town Portal | 6 | |
| Scroll of Protection | 6 | |
| Staff of Sanctuary | 1 | |
| Scroll of Regeneration | 1 | |
| Scroll of Speed | 1 | |
| Potion of Invulnerability | 2 | |
29 total
MartianManhuntr (
yellow | 62 APM | 2509 actions | 40:28)
7 Blademaster
3 Wind Walk
3 Critical Strike
1 Bladestorm
» actions
| Assign group hotkey | 64 | |
| Basic commands | 167 | |
| Build / train | 101 | |
| Enter build submenu | 45 | |
| Enter hero's abilities submenu | 7 | |
| Give item / drop item | 11 | |
| Remove unit from queue | 5 | |
| Right click | 985 | |
| Select / deselect | 372 | |
| Select group hotkey | 481 | |
| Use ability | 271 | |
2509 total
» units
| Peon | 12 | |
| Grunt | 4 | |
| Wind Rider | 18 | |
| Goblin Shredder | 1 | |
| Goblin Zeppelin | 4 | |
| Goblin Sapper | 9 | |
| Acolyte | 1 | |
49 total
» upgrades
| Ranged Weapons | 3 | |
| Armor | 3 | |
| Reinforced Defenses | 1 | |
| Envenomed Spears | 1 | |
| Long Rifles | | |
8 total
» buildings
| Orc Burrow | 7 | |
| Altar of Storms | 2 | |
| Barracks | 1 | |
| Voodoo Lounge | 2 | |
| Stronghold | 3 | |
| Great Hall | 4 | |
| Beastiary | 4 | |
| War Mill | 2 | |
| Fortress | 2 | |
| Watch Tower | 27 | |
54 total
» build order
00:12 Orc Burrow
01:01 Altar of Storms
01:05 Barracks
01:12 Orc Burrow
02:12 Voodoo Lounge
02:51 Stronghold
04:40 Orc Burrow
04:54 Great Hall
05:16 Beastiary
05:16 Beastiary
05:20 Orc Burrow
06:49 War Mill
08:05 Fortress
10:49 Stronghold
11:26 Great Hall
11:59 Watch Tower
12:00 Watch Tower
12:01 Watch Tower
12:01 Watch Tower
12:17 Watch Tower
12:18 Watch Tower
12:18 Watch Tower
12:19 Watch Tower
12:20 Voodoo Lounge
15:25 Altar of Storms
17:41 Fortress
19:48 Great Hall
21:09 Beastiary
21:12 Beastiary
21:20 War Mill
21:49 Watch Tower
21:50 Watch Tower
21:50 Watch Tower
21:51 Watch Tower
24:08 Watch Tower
24:08 Watch Tower
24:09 Watch Tower
24:09 Watch Tower
24:10 Watch Tower
24:11 Watch Tower
24:12 Watch Tower
26:13 Great Hall
27:59 Watch Tower
28:00 Watch Tower
28:01 Watch Tower
28:02 Watch Tower
28:08 Orc Burrow
28:12 Orc Burrow
28:18 Orc Burrow
28:21 Watch Tower
28:21 Watch Tower
28:21 Watch Tower
28:22 Watch Tower
28:40 Stronghold
» items
| Healing Salve | 7 | |
| Scroll of Town Portal | 5 | |
| Scroll of Speed | 1 | |
| Potion of Healing | 3 | |
| Potion of Mana | 5 | |
| Boots of Speed | 1 | |
| Staff of Teleportation | 1 | |
| Periapt of Vitality | 1 | |
| Lesser Clarity Potion | 2 | |
| Orb of Lightning | 1 | |
27 total

»
Flint[hun] (
blue | 44 APM | 1747 actions | 39:27)
5 Dark Ranger
3 Black Arrow
1 Life Drain
1 Silence
4 Death Knight
1 Death Coil
2 Unholy Aura
1 Death Pact
» actions
| Basic commands | 32 | |
| Build / train | 117 | |
| Enter build submenu | 48 | |
| Enter hero's abilities submenu | 9 | |
| Give item / drop item | 2 | |
| Right click | 869 | |
| Select / deselect | 506 | |
| Use ability | 164 | |
1747 total
» units
| Acolyte | 35 | |
| Ghoul | 9 | |
| Crypt Fiend | 7 | |
| Giant Sea Turtle | 1 | |
| Makrura Snapper | 1 | |
| Mur'gul Snarecaster | 2 | |
| Makrura Deepseer | 2 | |
| Gargoyle | 4 | |
| Rifleman | 1 | |
| Footman | 3 | |
65 total
» upgrades
| Creature Attack | 2 | |
| Creature Carapace | 2 | |
| Web | 1 | |
| Burrow | 1 | |
| Long Rifles | 1 | |
7 total
» buildings
| Crypt | 4 | |
| Ziggurat | 17 | |
| Graveyard | 2 | |
| Altar of Darkness | 2 | |
| Tomb of Relics | 4 | |
| Nerubian Tower | 4 | |
| Halls of the Dead | 3 | |
| Necropolis | 6 | |
| Spirit Tower | 5 | |
| Sacrificial Pit | 1 | |
| Black Citadel | 1 | |
| Boneyard | 2 | |
51 total
» build order
00:12 Crypt
00:18 Ziggurat
01:06 Graveyard
01:10 Altar of Darkness
01:42 Tomb of Relics
01:52 Nerubian Tower
01:53 Nerubian Tower
02:48 Halls of the Dead
03:18 Ziggurat
04:17 Ziggurat
05:24 Ziggurat
06:18 Nerubian Tower
07:02 Necropolis
07:28 Spirit Tower
10:02 Crypt
10:25 Ziggurat
11:09 Ziggurat
11:15 Necropolis
12:07 Spirit Tower
12:39 Nerubian Tower
14:45 Necropolis
15:18 Necropolis
15:39 Ziggurat
15:41 Crypt
16:09 Necropolis
16:13 Crypt
16:18 Graveyard
16:20 Tomb of Relics
16:24 Ziggurat
17:43 Ziggurat
18:09 Tomb of Relics
18:57 Halls of the Dead
18:58 Halls of the Dead
19:10 Spirit Tower
19:29 Ziggurat
21:10 Ziggurat
21:51 Ziggurat
22:10 Ziggurat
23:45 Sacrificial Pit
25:07 Spirit Tower
25:11 Tomb of Relics
26:32 Necropolis
26:52 Altar of Darkness
26:59 Ziggurat
29:42 Black Citadel
30:54 Spirit Tower
32:56 Boneyard
32:58 Boneyard
35:06 Ziggurat
35:09 Ziggurat
35:12 Ziggurat
» items
| Rod of Necromancy | 7 | |
| Sacrificial Skull | 1 | |
| Healing Salve | 2 | |
| Lesser Clarity Potion | 2 | |
| Scroll of Town Portal | 5 | |
| Boots of Speed | 2 | |
| Staff of Teleportation | 1 | |
20 total
Trifft (
orange | 54 APM | 1713 actions | 31:44)
4 Death Knight
2 Death Coil
2 Unholy Aura
3 Lich
2 Frost Nova
1 Dark Ritual
» actions
| Assign group hotkey | 23 | |
| Build / train | 59 | |
| ESC pressed | 1 | |
| Enter build submenu | 26 | |
| Enter hero's abilities submenu | 9 | |
| Remove unit from queue | 1 | |
| Right click | 1072 | |
| Select / deselect | 289 | |
| Select group hotkey | 159 | |
| Use ability | 74 | |
1713 total
» units
| Acolyte | 2 | |
| Ghoul | 5 | |
| Crypt Fiend | 6 | |
| Frost Wyrm | 15 | |
| Obsidian Statue | 1 | |
29 total
» upgrades
| Creature Attack | 3 | |
| Creature Carapace | 4 | |
| Freezing Breath | 1 | |
| Destroyer Form | 1 | |
9 total
» buildings
| Altar of Darkness | 1 | |
| Ziggurat | 8 | |
| Crypt | 1 | |
| Graveyard | 1 | |
| Tomb of Relics | 1 | |
| Halls of the Dead | 1 | |
| Nerubian Tower | 1 | |
| Spirit Tower | 3 | |
| Black Citadel | 1 | |
| Sacrificial Pit | 1 | |
| Boneyard | 4 | |
| Necropolis | 1 | |
| Slaughterhouse | 2 | |
26 total
» build order
00:06 Altar of Darkness
00:14 Ziggurat
00:41 Crypt
01:13 Graveyard
01:30 Ziggurat
02:14 Ziggurat
02:27 Tomb of Relics
02:42 Ziggurat
05:42 Halls of the Dead
05:44 Nerubian Tower
07:34 Spirit Tower
07:37 Spirit Tower
07:38 Spirit Tower
09:13 Black Citadel
09:22 Sacrificial Pit
09:25 Ziggurat
12:18 Boneyard
12:18 Boneyard
12:23 Boneyard
12:26 Boneyard
14:48 Ziggurat
14:56 Ziggurat
15:51 Ziggurat
26:23 Necropolis
29:02 Slaughterhouse
29:02 Slaughterhouse
» items
| Rod of Necromancy | 1 | |
| Potion of Healing | 1 | |
| Scroll of Town Portal | 2 | |
| Potion of Mana | 1 | |
5 total
team 2 (winner)

»
OmegaRed (
pink | 53 APM | 1229 actions | 23:06)
6 Death Knight
3 Death Coil
2 Unholy Aura
1 Animate Dead
3 Demon Hunter
2 Mana Burn
1 Evasion
» actions
| Assign group hotkey | 27 | |
| Basic commands | 69 | |
| Build / train | 84 | |
| Enter build submenu | 25 | |
| Enter hero's abilities submenu | 9 | |
| Right click | 594 | |
| Select / deselect | 336 | |
| Select group hotkey | 10 | |
| Use ability | 75 | |
1229 total
» units
| Wisp | 5 | |
| Acolyte | 5 | |
| Ghoul | 2 | |
| Crypt Fiend | 28 | |
| Giant Sea Turtle | 1 | |
| Obsidian Statue | 4 | |
| Necromancer | 10 | |
| Gargoyle | 1 | |
56 total
» upgrades
| Creature Attack | 3 | |
| Creature Carapace | 3 | |
| Web | 1 | |
| Skeletal Mastery | 1 | |
8 total
» buildings
| Altar of Darkness | 1 | |
| Crypt | 2 | |
| Ziggurat | 15 | |
| Graveyard | 1 | |
| Tomb of Relics | 1 | |
| Altar of Elders | 1 | |
| Moon Well | 2 | |
| Halls of the Dead | 1 | |
| Slaughterhouse | 1 | |
| Temple of the Damned | 1 | |
| Black Citadel | 1 | |
| Spirit Tower | 3 | |
| Ancient of Wonders | 1 | |
| Sacrificial Pit | 1 | |
32 total
» build order
00:20 Altar of Darkness
00:25 Crypt
00:37 Ziggurat
00:49 Graveyard
01:05 Ziggurat
01:11 Tomb of Relics
01:22 Crypt
01:28 Ziggurat
01:37 Altar of Elders
02:07 Ziggurat
02:21 Moon Well
03:52 Ziggurat
04:27 Halls of the Dead
05:21 Ziggurat
06:12 Ziggurat
09:41 Slaughterhouse
09:44 Temple of the Damned
10:36 Black Citadel
11:49 Moon Well
13:10 Spirit Tower
13:10 Spirit Tower
13:10 Spirit Tower
15:01 Ziggurat
15:19 Ziggurat
15:19 Ziggurat
15:20 Ziggurat
15:23 Ziggurat
15:25 Ziggurat
15:38 Ancient of Wonders
16:49 Sacrificial Pit
16:59 Ziggurat
20:39 Ziggurat
» items
| Rod of Necromancy | 1 | |
| Boots of Speed | 1 | |
| Potion of Lesser Invulnerability | 1 | |
| Potion of Healing | 1 | |
4 total
ZzzSSSSszZZZssz (
purple | 118 APM | 4767 actions | 40:29)
7 Archmage
3 Summon Water Elemental
3 Brilliance Aura
1 Mass Teleport
7 Mountain King
3 Storm Bolt
2 Bash
1 Avatar
1 Thunder Clap
6 Goblin Alchemist
2 Healing Spray
2 Chemical Rage
1 Acid Bomb
1 Transmute
» actions
| Assign group hotkey | 118 | |
| Basic commands | 276 | |
| Build / train | 173 | |
| ESC pressed | 2 | |
| Enter build submenu | 65 | |
| Enter hero's abilities submenu | 21 | |
| Give item / drop item | 18 | |
| Right click | 1435 | |
| Select / deselect | 933 | |
| Select group hotkey | 1342 | |
| Use ability | 384 | |
4767 total
» units
| Peasant | 15 | |
| Footman | 3 | |
| Rifleman | 14 | |
| Goblin Shredder | 1 | |
| Goblin Zeppelin | 1 | |
| Mortar Team | 6 | |
| Priest | 5 | |
| Sorceress | 8 | |
| Knight | 2 | |
| Spell Breaker | 2 | |
| Siege Engine | 2 | |
59 total
» upgrades
| Long Rifles | 2 | |
| Gunpowder | 3 | |
| Masonry | 3 | |
| Armor | 3 | |
| Swords | 2 | |
| Storm Hammers | 1 | |
| Animal War Training | 1 | |
| Cloud | 1 | |
| Priest Training | 2 | |
| Sorceress Training | 2 | |
| Plating | 3 | |
| Fragmentation Shards | 1 | |
| Flare | 1 | |
| Control Magic | 1 | |
| Barrage | 1 | |
27 total
» buildings
| Altar of Kings | 1 | |
| Barracks | 1 | |
| Farm | 16 | |
| Blacksmith | 2 | |
| Keep | 5 | |
| Arcane Vault | 1 | |
| Town Hall | 2 | |
| Scout Tower | 24 | |
| Arcane Tower | 4 | |
| Castle | 4 | |
| Lumber Mill | 1 | |
| Guard Tower | 15 | |
| Gryphon Aviary | 2 | |
| Arcane Sanctum | 2 | |
| Workshop | 1 | |
81 total
» build order
00:44 Altar of Kings
00:47 Barracks
00:51 Farm
01:02 Farm
01:06 Farm
01:10 Farm
02:02 Blacksmith
03:01 Keep
03:01 Keep
03:03 Farm
04:02 Arcane Vault
04:08 Town Hall
04:10 Scout Tower
05:05 Arcane Tower
06:32 Farm
06:57 Castle
06:57 Castle
06:59 Lumber Mill
07:41 Scout Tower
07:46 Scout Tower
07:48 Scout Tower
07:52 Scout Tower
07:53 Scout Tower
07:55 Scout Tower
08:04 Arcane Tower
08:04 Arcane Tower
08:28 Guard Tower
09:13 Scout Tower
09:19 Gryphon Aviary
10:07 Guard Tower
10:42 Guard Tower
10:43 Guard Tower
10:47 Gryphon Aviary
11:08 Scout Tower
11:37 Farm
11:39 Guard Tower
11:39 Guard Tower
12:08 Farm
12:29 Scout Tower
12:31 Scout Tower
12:31 Scout Tower
12:32 Scout Tower
12:36 Arcane Sanctum
12:37 Arcane Sanctum
12:40 Workshop
13:26 Farm
13:33 Farm
14:35 Guard Tower
14:35 Guard Tower
14:39 Scout Tower
14:40 Scout Tower
14:45 Scout Tower
15:19 Guard Tower
15:19 Guard Tower
15:25 Guard Tower
15:25 Guard Tower
16:10 Farm
16:15 Farm
20:05 Farm
26:50 Farm
26:51 Farm
29:12 Farm
30:51 Scout Tower
30:54 Scout Tower
30:55 Scout Tower
30:56 Scout Tower
30:59 Scout Tower
31:01 Scout Tower
31:32 Guard Tower
31:32 Guard Tower
32:04 Town Hall
32:32 Scout Tower
32:34 Scout Tower
33:05 Guard Tower
33:08 Arcane Tower
34:50 Blacksmith
35:42 Keep
35:42 Keep
35:43 Keep
38:05 Castle
38:05 Castle
» items
| Scroll of Regeneration | 3 | |
| Mechanical Critter | 3 | |
| Boots of Speed | 2 | |
| Pendant of Energy | 2 | |
| Claws of Attack +9 | 1 | |
| Scroll of Town Portal | 4 | |
| Potion of Lesser Invulnerability | 2 | |
| Periapt of Vitality | 1 | |
| Orb of Fire | 2 | |
| Staff of Sanctuary | 1 | |
| Ring of Regeneration | 1 | |
| Cloak of Flames | 1 | |
| Medallion of Courage | 1 | |
24 total
Newbs (
teal | 29 APM | 685 actions | 23:14)
4 Blood Mage
2 Flame Strike
2 Siphon Mana
» actions
| Basic commands | 26 | |
| Build / train | 45 | |
| Enter build submenu | 14 | |
| Enter hero's abilities submenu | 4 | |
| Remove unit from queue | 1 | |
| Right click | 301 | |
| Select / deselect | 210 | |
| Use ability | 84 | |
685 total
» units
» upgrades
| Gunpowder | 3 | |
| Armor | 1 | |
| Flare | 1 | |
| Fragmentation Shards | 1 | |
6 total
» buildings
| Lumber Mill | 1 | |
| Altar of Kings | 1 | |
| Farm | 7 | |
| Scout Tower | 1 | |
| Blacksmith | 1 | |
| Arcane Tower | 1 | |
| Keep | 2 | |
| Castle | 1 | |
| Workshop | 3 | |
18 total
» build order
00:25 Lumber Mill
01:10 Altar of Kings
01:13 Farm
01:30 Scout Tower
01:55 Blacksmith
01:59 Farm
02:06 Arcane Tower
02:52 Keep
02:52 Keep
03:31 Farm
03:54 Farm
04:10 Farm
04:39 Farm
05:19 Castle
05:24 Workshop
05:26 Workshop
05:29 Workshop
06:31 Farm
» items
| Boots of Speed | 1 | |
| Circlet of Nobility | 1 | |
| Potion of Healing | 5 | |
7 total
Chat log
(00:10 / All) Trifft: die in a hole newbs
(00:33 / All) LaPlaya: get a load of this guy
(00:39 / All) Newbs: orange already has stage 4 Cancer
(00:42 / All) Newbs: RIP
(00:53 / All) Newbs: orange is terminal
(00:57 / All) Trifft: and your annoying
(01:06 / All) Newbs: you going to die soon
(01:07 / All) Newbs: RIP
(01:19 / All) Trifft: if i never have to hear you talk again il take it
(01:39 / All) Newbs: hush cancer newb
(01:51 / All) Trifft: wow your cool !
(02:01 / All) Newbs: I am
(02:03 / All) Newbs: True
(02:12 / All) Newbs: No Doubts
(02:15 / All) Newbs: For sure
(02:51 / Allies) OmegaRed: lets rush
(04:37 / Allies) OmegaRed: yall ready?
(04:47 / Allies) ZzzSSSSszZZZssz: me cc
(05:37 / Allies) OmegaRed: come
(05:39 / Allies) OmegaRed: lets attack
(05:43 / Allies) ZzzSSSSszZZZssz: hit top
(05:47 / Allies) OmegaRed: no
(05:51 / Allies) ZzzSSSSszZZZssz: yes
(05:53 / Allies) ZzzSSSSszZZZssz: or I don't hit
(05:53 / Allies) OmegaRed: ok
(05:55 / Allies) OmegaRed: lol
(06:18 / Allies) OmegaRed: lets go
(06:19 / Allies) OmegaRed: for the win
(06:23 / Allies) ZzzSSSSszZZZssz: k omw
(06:54 / Allies) ZzzSSSSszZZZssz: coming
(09:24 / Allies) OmegaRed: gg?
(10:55 / Allies) OmegaRed: lets go
(10:57 / All) Trifft: pUSSY
(11:48 / All) Trifft: your name goes great with your play style
(12:42 / All) MartianManhuntr: oh
(12:45 / All) MartianManhuntr: soimeohw]
(12:49 / All) MartianManhuntr: my shitw as in formation
(12:56 / All) MartianManhuntr: no wonder I couldn't catch that noob
(15:08 / Allies) Newbs: hit green go
(16:11 / Allies) Newbs: newb purple has 4000 gold
(16:13 / Allies) Newbs: game over
(16:19 / Allies) ZzzSSSSszZZZssz: shut you newb hole
(16:25 / Allies) Newbs: spend your gold retard
(16:28 / Allies) ZzzSSSSszZZZssz: I don't want to hear any noises from your mort every game meat flaps
(16:29 / Allies) Newbs: your downs is kicking in
(16:32 / Allies) OmegaRed: jholuy
(16:34 / Allies) OmegaRed: fuck
(16:38 / Allies) OmegaRed: WHY DO U HAVE SO MUCH
(16:39 / Allies) OmegaRed: holdf
(16:41 / Allies) OmegaRed: give me some
(16:41 / Allies) Newbs: red is retarded
(16:42 / Allies) OmegaRed: noob
(16:47 / Allies) ZzzSSSSszZZZssz: I'm broke
(16:48 / Allies) Newbs: purple
(16:51 / Allies) ZzzSSSSszZZZssz: I've had tens of thousands before
(17:04 / Allies) OmegaRed: purple
(17:05 / Allies) OmegaRed: give me gold
(17:11 / Allies) Newbs: he is a gimp
(17:17 / Allies) Newbs: we lost the min purple on our team
(17:37 / Allies) Newbs: a normal retard maxes out at 2000 gold
(17:43 / Allies) Newbs: he has close to 50000
(17:48 / Allies) Newbs: total brain damage
(18:00 / Allies) OmegaRed: wow
(18:01 / Allies) OmegaRed: purpole
(18:04 / Allies) OmegaRed: youre fucking garbage
(18:10 / Allies) ZzzSSSSszZZZssz: shut it noob
(18:21 / All) Newbs: gg, purple has sever massive downs syndrome, maxing out at 5, 000 gold
(18:32 / All) Newbs: you got seriously Lucky
(18:32 / All) Trifft: So thats it eh
(18:35 / All) Trifft: LOL
(18:48 / All) Newbs: a normal retard has 2000 at max
(18:53 / All) MartianManhuntr: you do the same trash strat every game
(18:55 / All) MartianManhuntr: shut up, retard
(18:57 / All) Newbs: he has total brain downs
(19:00 / All) Newbs: 5000 gold
(19:44 / All) Newbs: purple was born with severe brain damage
(19:47 / All) Newbs: beyond downs syndrome
(19:51 / All) ZzzSSSSszZZZssz: I think teal is mad
(19:54 / All) Trifft: same
(19:59 / Allies) OmegaRed: nah youre bad puyrle
(22:05 / All) Newbs: downs syndrome boy purple is tking and you are still losing
(22:07 / All) Newbs: ahahhhahahaahh
(22:10 / All) Newbs: so bad
(22:13 / All) Newbs: total newbs
(22:59 / Allies) OmegaRed: wow
(23:03 / Allies) OmegaRed: you suck too teal
(30:35 / All) Trifft: GG
(30:36 / All) Trifft: TK
(32:13 / All) Flint[hun]: yelloo just started tk ing
(32:17 / All) Flint[hun]: little kid
(32:19 / All) ZzzSSSSszZZZssz: out
(34:37 / All) ZzzSSSSszZZZssz: leave
(34:50 / All) LaPlaya: lets see if yellow loses to you
(34:59 / All) ZzzSSSSszZZZssz: think a tker wants to win?
(39:14 / All) ZzzSSSSszZZZssz: I have a +35 alchemist
(39:19 / All) ZzzSSSSszZZZssz: attack damage items are insane with chemical rage
(39:33 / All) ZzzSSSSszZZZssz: my alch made him leave
(39:37 / All) ZzzSSSSszZZZssz: couldn't handle imagining me with that
(39:45 / All) MartianManhuntr: who should lose?
(39:48 / All) ZzzSSSSszZZZssz: let's stats
(39:55 / All) ZzzSSSSszZZZssz: pink 25-25
(40:00 / All) MartianManhuntr: my team all sub 50%
(40:02 / All) ZzzSSSSszZZZssz: but red 0-1 and left instantly
(40:13 / All) MartianManhuntr: give newbs a loss
(40:17 / All) ZzzSSSSszZZZssz: I say your team lose since it's 3 legit
(40:28 / All) ZzzSSSSszZZZssz: unless you really want newbs to